 Dungeon Crawl Stone Soup version 0.30.0-20-g3b4254fcbd (webtiles) character file.

Game seed: 1555909613968803993

539 Graphine the Reanimator (level 7, -7/40 HPs)
             Began as a Deep Elf Necromancer on June 2, 2023.
             Mangled by an ogre
             ... wielding a +0 giant club
              (31 damage)
             ... on level 4 of the Dungeon.
             The game lasted 00:10:00 (3827 turns).

Graphine the Reanimator (Deep Elf Necromancer)      Turns: 3827, Time: 00:10:01

Health: -7/40      AC:  2    Str:  5    XL:     7   Next: 5%
Magic:  7/17       EV: 12    Int: 22    God:
Gold:   137        SH:  0    Dex: 15    Spells: 5/17 levels left

rFire   . . .        o - +7 flail (protect)
rCold   . . .        (no shield)
rNeg    . . .        a - +0 robe
rPois   .            (no helmet)
rElec   .            (no cloak)
rCorr   .            (no gloves)
SInv    .            (no boots)
Will    .....        (no amulet)
Stlth   ++           (no ring)
HPRegen 0.26/turn    (no ring)
MPRegen 0.15/turn

%: no passive effects
@: no status effects
A: no striking features
a: no special abilities


You were on level 4 of the Dungeon.
You visited 1 branch of the dungeon, and saw 4 of its levels.

You collected 137 gold pieces.

Inventory:

Hand Weapons
 d - a +1 vampiric dagger
 o - a +7 flail of protection (weapon)
Missiles
 f - a throwing net
Armour
 a - a +0 robe (worn)
 r - +0 gold dragon scales
Magical Staves
 p - a staff of air
Scrolls
 c - 2 scrolls of fear
 h - a scroll of teleportation
Potions
 b - a potion of magic
 e - a potion of curing
 g - a potion of ambrosia {unknown}
 i - 2 potions of degeneration {unknown}
 j - a potion of cancellation {unknown}
 k - a potion of might {unknown}
 l - a potion of heal wounds {unknown}
 m - a potion of attraction {unknown}
 n - 2 potions of mutation {unknown}


   Skills:
 + Level 2.8 Fighting
 - Level 2.4 Dodging
 - Level 2.4 Stealth
 + Level 5.7 Spellcasting
 * Level 8.0 Necromancy


You had 5 spell levels left.
You knew the following spells:

 Your Spells              Type           Power      Damage    Failure   Level
a - Necrotise             Necr           100%       1d9       1%          1
b - Vampiric Draining     Necr           41%        2d8       1%          3
c - Call Canine Familiar  Summ           6%         N/A       28%         3
d - Agony                 Necr           41%        N/A       10%         5

Your spell library contained the following spells:

 Spells                   Type           Power      Damage    Failure   Level
 Animate Dead             Necr           41%        N/A       3%          4
 Scorch                   Fire           12%        2d6       14%         2
 Ozocubu's Armour         Ice            6%         N/A       28%         3
 Portal Projectile        Hex/Tloc       12%        N/A       28%         3
 Flame Wave               Conj/Fire      6%         2d5       67%         4
 Leda's Liquefaction      Hex/Erth       3%         N/A       67%         4
 Metabolic Englaciation   Hex/Ice        3%         N/A       95%         5
 Simulacrum               Ice/Necr       11%        N/A       95%         6
 Summon Cactus Giant      Summ           3%         N/A       100%        6


Dungeon Overview and Level Annotations

Branches:
Dungeon (4/15)
 Temple: D:4-7

Altars:

Annotations:
D:4 Ijyb


Message History

Your adder skeleton is destroyed!
Casting: Necrotise (safe; 1% risk of failure)
Confirm with . or Enter, or press ? or * to list all spells.
Aiming: Necrotise (safe; 1% risk of failure)
Press: ? - help, Shift-Dir - straight line, f - ogre
Aim: an ogre, wielding a +0 giant club (ally target, chance to affect: 83%)
The ogre writhes in agony!
Your orc skeleton hits the ogre but does no damage.
Unknown command.
Casting: Necrotise (safe; 1% risk of failure)
Confirm with . or Enter, or press ? or * to list all spells.
Aiming: Necrotise (safe; 1% risk of failure)
Press: ? - help, Shift-Dir - straight line, f/p - ogre
Aim: an ogre, wielding a +0 giant club (moderately wounded, ally target, chance to affect: 83%)
The ogre barely resists.
Your orc skeleton hits the ogre.
Unknown command.
Casting: Necrotise (safe; 1% risk of failure)
Confirm with . or Enter, or press ? or * to list all spells.
Aiming: Necrotise (safe; 1% risk of failure)
Press: ? - help, Shift-Dir - straight line, f/p - ogre
Aim: an ogre, wielding a +0 giant club (moderately wounded, ally target, chance to affect: 83%)
The ogre writhes in agony.
Your orc skeleton barely misses the ogre.
Unknown command.
Casting: Necrotise (safe; 1% risk of failure)
Confirm with . or Enter, or press ? or * to list all spells.
Aiming: Necrotise (safe; 1% risk of failure)
Press: ? - help, Shift-Dir - straight line, f/p - ogre
Aim: an ogre, wielding a +0 giant club (moderately wounded, ally target, chance to affect: 83%)
The ogre writhes in agony!
Unknown command.
Hit: o) +7 flail (protect)
Press: ? - help, Dir - move target, f/p - ogre
Aim: an ogre, wielding a +0 giant club (severely wounded, ally target, about 22% to evade your +7 flail of protection)
You barely miss the ogre.
The ogre is severely wounded.
The hobgoblin seems to regain its courage.
The ogre hits you with a +0 giant club!!
Ouch! That really hurt!
You die...

..####..... ##.
.....>........
#.................))
#####.. ..............##
...#.. ..............#♣
#.... .............#♣
#.... .............#P
...#Z.g###....<.......#.
.....)O@..^..####.......
...#....##.#### #>....#.
.....##..#....# #...[.##
..#. ##.#..#.###....)##
##. ..#.#..#.........#P
# #......#.........##
#...#..........)..
#...#)##...#....).
#................)


You could see an ogre (ally target), a hobgoblin and a friendly orc skeleton.

Vanquished Creatures
  An ogre (D:4)
  A kobold brigand (D:4)
  A gnoll bouda (D:4)
  An orc priest (D:2)
  Terence (D:2)
  3 adders
  2 gnolls (D:4)
  3 dart slugs
  6 orcs
  6 endoplasms
  4 giant cockroaches
  2 goblins (D:1)
  8 hobgoblins
  7 jackals
  6 quokkas
  3 ball pythons
  4 bats
  4 frilled lizards
  6 kobolds
  4 rats
73 creatures vanquished.

Vanquished Creatures (collateral kills)
  Sigmund (D:2)
  A gnoll (D:4)
  A kobold (D:4)
  A rat (D:1)
4 creatures vanquished.

Grand Total: 77 creatures vanquished

Notes
Turn   | Place    | Note
-------+----------+-------------------------------------------
     0 | D:1      | Graphine the Deep Elf Necromancer began the quest for the
                  | Orb.
     0 | D:1      | Reached XP level 1. HP: 10/10 MP: 6/6
   104 | D:1      | Reached skill level 5 in Necromancy
   184 | D:1      | Reached XP level 2. HP: 16/16 MP: 6/8
   206 | D:1      | Found a faded altar of an unknown god.
  1101 | D:1      | Reached XP level 3. HP: 20/20 MP: 8/10
  1178 | D:1      | Reached skill level 1 in Fighting
  1526 | D:2      | Noticed Sigmund
  1535 | D:2      | Killed Sigmund
  1536 | D:2      | Reached skill level 6 in Necromancy
  1536 | D:2      | Reached XP level 4. HP: 21/26 MP: 3/12
  1536 | D:2      | Reached XP level 5. HP: 24/30 MP: 3/13
  1660 | D:2      | Noticed Terence
  1665 | D:2      | Killed Terence
  1851 | D:2      | Reached skill level 7 in Necromancy
  1900 | D:2      | Reached XP level 6. HP: 30/35 MP: 15/15
  2762 | D:3      | Reached skill level 5 in Spellcasting
  3501 | D:4      | Learned a level 3 spell: Vampiric Draining
  3505 | D:4      | Learned a level 3 spell: Call Canine Familiar
  3511 | D:4      | Learned a level 5 spell: Agony
  3805 | D:4      | Noticed Ijyb
  3815 | D:4      | Reached skill level 8 in Necromancy
  3815 | D:4      | Reached XP level 7. HP: 21/40 MP: 14/17
  3827 | D:4      | Mangled by an ogre

Illustrated notes

Levels and vault maps discovered:
D:1:      evilmike_arrival_crescent, layout_basic,
          hellmonk_ecumenical_altar_arch_garden
D:2:      layout_loops_cross, uniq_terence, uniq_sigmund
D:3:      layout_basic, serial_co_window_serial, co_window_paths_a,
          co_window_corner_a, co_window_paths_a, co_window_of_opportunity_a,
          co_window_paths_b, co_window_paths_a, co_window_corner_a,
          co_window_of_opportunity_b, co_window_corner_cb,
          co_window_unsneaky_path_a, co_window_paths_c, co_window_broadway_b,
          co_window_unsneaky_path_e, co_window_corner_cb, co_window_paths_d,
          glass_columns_b, glass_columns_a, glass_columns_b
D:4:      layout_rooms, tso_oasis_becter, portal_sewer_entry_e,
          grunt_ministairs_4, lexackson_kobold_supper, uniq_ijyb

Skill      XL: |  1  2  3  4  5  6 |
---------------+-------------------+-----
Necromancy     | 5 6 7 8 |  8.0
Fighting       | 2 |  2.8
Spellcasting   | 4 5 |  5.7
Dodging        | |  2.4
Stealth        | |  2.4

Action                     |  1- 3 |  4- 6 |  7- 9 || total
---------------------------+-------+-------+-------++-------
  Melee: Dagger            |     4 |       |       ||     4
         Flail             |       |    36 |     1 ||    37
   Cast: Necrotise         |    66 |    53 |     9 ||   128
         Call Canine Famil |       |     2 |       ||     2
         Vampiric Draining |       |     1 |       ||     1
    Use: Scroll            |       |    10 |       ||    10
   Stab: Sleeping          |       |     2 |       ||     2
 Armour: Robe              |     6 |     6 |       ||    12
  Dodge: Dodged            |     8 |    25 |       ||    33
